 Dungeon Crawl Stone Soup version 0.28.0-49-g6dfe1f597d (webtiles) character file.

Game seed: 17537670199461379776

2672 Ethylacetat the Arsonist (level 9, -2/82 HPs)
             Began as a Naga Cinder Acolyte on May 19, 2022.
             Was an Initiate of Cheibriados.
             Slain by a killer bee (5 damage)
             ... on level 8 of the Dungeon.
             The game lasted 00:44:36 (5141 turns).

Ethylacetat the Arsonist (Naga Cinder Acolyte)      Turns: 5141, Time: 00:44:36

Health: -2/82      AC:  9    Str: 18    XL:     9   Next: 63%
Magic:  16/16      EV:  8    Int: 15    God:    Cheibriados [......]
Gold:   275        SH:  5    Dex: 18    Spells: 17/17 levels left

rFire   . . .      SeeInvis +   x - +4 hand axe (flame)
rCold   . . .      Faith    .   A - +0 buckler
rNeg    . . .      Spirit   .   l - +2 leather armour {rPois}
rPois   +          Reflect  .   (no helmet)
rElec   .          Harm     .   q - +2 cloak {rCorr}
rCorr   +          Rampage  .   (no gloves)
Will    +....                   (no barding)
Stlth   +.........              m - amulet of regeneration
HPRegen 1.03/turn               d - +6 ring of dexterity
MPRegen 0.15/turn               (no ring)

@: lethally poisoned (-2 -> -3), short of breath, fire susceptible, very slow
A: AC +3, large, see invisible, deformed body, poison resistance, slowness 2,
spit poison 1, naga tail 1
a: Spit Poison, Renounce Religion


You were on level 8 of the Dungeon.
You worshipped Cheibriados.
Cheibriados was noncommittal.
You visited 1 branch of the dungeon, and saw 8 of its levels.

You collected 275 gold pieces.

Inventory:

Hand Weapons
 f - a +2 dagger of holy wrath
 i - a +0 whip of draining
 p - a +2 quarterstaff of chaos
 t - a +1 dagger of venom
 x - a +4 hand axe of flaming (weapon)
Missiles
 c - 4 curare-tipped darts
 h - 98 arrows
 n - a throwing net
Armour
 l - a +2 leather armour of poison resistance (worn)
 q - a +2 cloak of preservation (worn)
 A - a +0 buckler (worn)
Jewellery
 d - a +6 ring of dexterity (left hand)
 m - an amulet of regeneration (around neck)
 y - a ring of willpower
 B - a ring of resist corrosion
Wands
 o - a wand of flame (12)
Scrolls
 a - a scroll of brand weapon {unknown}
 g - 3 scrolls of vulnerability {unknown}
 j - a scroll of immolation {unknown}
 k - 3 scrolls of teleportation {unknown}
 s - 3 scrolls of enchant armour {unknown}
 v - 4 scrolls of identify
 w - a scroll of summoning {unknown}
 C - a scroll of torment {unknown}
 D - a scroll of enchant weapon {unknown}
Potions
 b - a potion of berserk rage {unknown}
 e - 3 potions of haste
 u - a potion of flight
 z - a potion of invisibility {unknown}
 E - a potion of might {unknown}


   Skills:
 + Level 6.2 Fighting
 - Level 6.7 Long Blades
 + Level 2.5 Shields
 + Level 4.9 Spellcasting
 * Level 8.2 Fire Magic


You had 17 spell levels left.
You didn't know any spells.
Your spell library contained the following spells:

 Spells                   Type           Power      Damage    Failure   Level
 Scorch                   Fire           56%        2d8       1%          2


Dungeon Overview and Level Annotations

Branches:
Dungeon (8/15)             Temple (0/1) D:5
   Lair: D:8-11

Altars:
Cheibriados
The Shining One

Shops:
D:4 [


Innate Abilities, Weirdness & Mutations

Your serpentine skin is tough. (AC +3)
You have supernaturally acute eyesight. (SInv)
Armour fits poorly on your strangely shaped body.
Your system is resistant to poisons. (rPois)
You cover ground very slowly.
You can spit poison.
You have a snake-like lower body.


Message History

You miss the killer bee.
The killer bee is heavily wounded.
You hit the killer bee. You burn the killer bee. You hit the killer bee.
You burn the killer bee.
The killer bee stings you but does no damage.
The killer bee stings you.
The killer bee stings you but does no damage. x2
The killer bee closely misses you.
The killer bee stings you but does no damage.
The killer bee stings you. The killer bee barely misses you.
The killer bee stings you but does no damage.
You closely miss the killer bee.
The killer bee is heavily wounded.
You barely miss the killer bee. You miss the killer bee.
The killer bee stings you. The killer bee closely misses you.
The killer bee stings you but does no damage.
The killer bee stings you!
* * * LOW HITPOINT WARNING * * *
You block the killer bee's attack. The killer bee stings you.
* * * LOW HITPOINT WARNING * * *
The killer bee stings you but does no damage.
You block the killer bee's attack.
The killer bee stings you but does no damage.
Aiming: Spit Poison (1% risk of failure)
Press: ? - help, Shift-Dir - straight line, f - killer bee
Aim: a killer bee (heavily wounded, 34% to hit)
The splash of poison hits the killer bee!
You kill the killer bee!
Cheibriados thoroughly appreciates the change of pace.
The killer bee stings you!
* * * LOW HITPOINT WARNING * * *
The killer bee stings you.
* * * LOW HITPOINT WARNING * * *
The killer bee stings you but does no damage. x2
It was a potion of magic.
Magic courses through your body. You block the killer bee's attack.
The killer bee stings you.
* * * LOW HITPOINT WARNING * * *
You are poisoned.
The killer bee poisons you! The killer bee stings you.
You die...

###
########..#
###.........#
......†y..#
.......@y.#
.####.....#
#.......#
#.........#
#..........
...........
#...........
............


You could see 2 killer bees.

Vanquished Creatures
  A steam dragon (D:7)
  2 water moccasins
  An ice beast (D:6)
  A sky beast (D:6)
  A black bear (D:6)
  3 necrophages
  4 ogres
  A centaur (D:7)
  A phantom (D:5)
  A kobold brigand (D:7)
  A bullfrog (D:7)
  A gnoll sergeant (D:6)
  2 scorpions (D:4)
  2 water moccasin zombies (D:6)
  A wyvern skeleton (D:6)
  A water moccasin skeleton (D:5)
  3 killer bees
  A bullfrog zombie (D:6)
  2 gnoll shamans
  A hound (D:4)
  2 jellies (D:5)
  Crazy Yiuf (D:3)
  An iguana (D:6)
  Natasha (thrice) (D:3)
  An orc wizard (D:7)
  2 howler monkey zombies
  15 gnolls
  3 adders
  A white imp (D:7)
  5 ufetubi
  An adder skeleton (D:4)
  A worm (D:4)
  17 orcs
  7 ball pythons
  6 endoplasms
  4 giant cockroaches
  4 goblins
  7 hobgoblins
  2 jackals (D:4)
  2 quokkas
  5 bats
  4 frilled lizards
  13 kobolds
  5 rats
143 creatures vanquished.

Vanquished Creatures (others)
  14 foxfires (D:6)
  A plant (D:3)
15 creatures vanquished.

Grand Total: 158 creatures vanquished

Notes
Turn   | Place    | Note
-------+----------+-------------------------------------------
     0 | D:1      | Ethylacetat the Naga Cinder Acolyte began the quest for the
                  | Orb.
     0 | D:1      | Reached XP level 1. HP: 21/21 MP: 2/2
    80 | D:1      | Reached XP level 2. HP: 25/28 MP: 3/3
   307 | D:1      | Found a faded altar of an unknown god.
   466 | D:1      | Reached XP level 3. HP: 34/34 MP: 4/4
  1185 | D:3      | Noticed Natasha
  1203 | D:3      | Killed Natasha
  1204 | D:3      | Reached XP level 4. HP: 34/42 MP: 6/6
  1211 | D:3      | Noticed Natasha
  1222 | D:3      | Killed Natasha
  1307 | D:3      | Noticed Natasha
  1316 | D:3      | Killed Natasha
  1317 | D:3      | Reached skill level 4 in Fire Magic
  1317 | D:3      | Reached XP level 5. HP: 14/49 MP: 7/7
  1387 | D:3      | Found a runed translucent door.
  1388 | D:3      | Noticed Crazy Yiuf
  1547 | D:3      | Killed Crazy Yiuf
  1965 | D:4      | Reached XP level 6. HP: 45/57 MP: 9/9
  2155 | D:4      | Noticed a necrophage
  2168 | D:4      | Killed a necrophage
  2169 | D:4      | Reached skill level 5 in Long Blades
  2169 | D:4      | Reached skill level 5 in Fire Magic
  2169 | D:4      | Reached XP level 7. HP: 64/64 MP: 10/10
  2327 | D:4      | Found Luepref's Armour Shop.
  2570 | D:5      | Entered Level 5 of the Dungeon
  2813 | D:5      | Reached XP level 8. HP: 29/73 MP: 12/12
  2815 | D:5      | Reached skill level 6 in Fire Magic
  3005 | D:5      | Found a staircase to the Ecumenical Temple.
  3615 | D:6      | Reached skill level 5 in Fighting
  3861 | D:6      | Reached skill level 1 in Shields
  3866 | D:6      | Reached skill level 7 in Fire Magic
  3866 | D:6      | Reached XP level 9. HP: 58/81 MP: 13/15
  4726 | D:7      | Reached skill level 8 in Fire Magic
  4859 | D:7      | Found a snail-covered altar of Cheibriados.
  4859 | D:7      | Found a glowing golden altar of the Shining One.
  4863 | D:7      | Fell from the grace of Ignis
  4863 | D:7      | Became a worshipper of Cheibriados the Contemplative
  5141 | D:8      | HP: 3/82 [killer bee (6)]
  5141 | D:8      | Slain by a killer bee

Illustrated notes

Levels and vault maps discovered:
D:1:      pf_arrival_petrified_forest, layout_basic,
          shapermc_ecumenical_altar_totnotflames, minmay_door_square
D:2:      layout_basic, kennysheep_generic_room_14
D:3:      layout_basic, minmay_strange_pillars, corexii_shack,
          uniq_crazy_yiuf_cottage, uniq_natasha
D:4:      layout_loops_ring, serial_shops, nicolae_inconvenience_store,
          eino_tiny_chamber
D:5:      layout_basic, minmay_temple_entry_gardened_gates
D:6:      layout_basic
D:7:      layout_cave_pools, gammafunk_temple_overflow_wave
D:8:      layout_cave_pods, serial_glass, glass_columns_b, glass_columns_b,
          glass_columns_a, glass_columns_c, feat_on_display, feat_on_display,
          due_unseen_surprise, item_on_display_a, enter_bailey_3,
          hangedman_abyss_or_decor_clamps, uniq_maurice

Skill      XL: |  1  2  3  4  5  6  7  8  9 |
---------------+----------------------------+-----
Long Blades    | 4 5 6 |  6.7
Fire Magic     | 4 5 7 8 |  8.2
Spellcasting   | 2 3 4 |  4.9
Fighting       | 4 5 6 |  6.2
Shields        | 1 2 |  2.5

Action                   |  1- 3 |  4- 6 |  7- 9 || total
-------------------------+-------+-------+-------++-------
Melee: Falchion          |    28 |       |       ||    28
       Punch             |     1 |     3 |     5 ||     9
       Dagger            |    26 |   118 |   202 ||   346
       Hand axe          |       |       |   122 ||   122
Invok: Fiery Armour      |     2 |     3 |     2 ||     7
       Foxfire Swarm     |       |       |     1 ||     1
 Abil: Spit Poison       |    31 |    32 |    33 ||    96
  Use: Potion            |     2 |     1 |     1 ||     4
       Scroll            |     1 |       |       ||     1
 Stab: Sleeping          |       |       |     2 ||     2
Armor: Robe              |     8 |       |       ||     8
       Leather armour    |    10 |    46 |   153 ||   209
Dodge: Dodged            |    39 |    40 |   147 ||   226
Block: Buckler           |       |       |    37 ||    37
